 Dungeon Crawl Stone Soup version 0.31.0-11-ge490571c62 (webtiles) character file.

Game seed: 10825641522668633505

108886 Daunt the Severer (level 16, -1/90 HPs)
             Began as a Vine Stalker Fighter on Jan 27, 2024.
             Was the Champion of Okawaru.
             Slain by a ghost moth (8 damage)
             ... on level 4 of the Spider Nest.
             The game lasted 01:59:33 (8753 turns).

Daunt the Severer (Vine Stalker Fighter)            Turns: 8753, Time: 01:59:34

Health: -1/90      AC: 31    Str: 27    XL:     16   Next: 23%
Magic:  0/25       EV:  8    Int:  6    God:    Okawaru [******]
Gold:   658        SH:  8    Dex: 21    Spells: 15/15 levels left

rFire   + + +        a - +16 obsidian axe {drain, demonic, Mesm ^Drain Fly SInv}
rCold   . . .        A - +2 buckler {rC+}
rNeg    + . .        S - +10 plate armour of the Earth {Rampage rF+ Dex+3}
rPois   +            Q - +2 hat
rElec   +            l - +0 cloak of Privacy {rElec rF++ Int-4 Dex+3}
rCorr   .            g - +3 pair of gauntlets of War {Slay+5}
SInv    +            (no boots)
Will    ++++.        (no amulet) Stlth
                     u - ring of Finality {Fire rPois Will++}
HPRegen 1.15/turn    c - ring of Keff {rF++ rN+ Str+3 Slay+2}
MPRegen 0.19/turn

%: guardian spirit, rampage
@: flying, mesmerised, hasted and slowed, invisible
A: fangs 3, regeneration 1, magic shield, antimagic bite, no potion heal 2
a: Renounce Religion, Heroism, Finesse, Duel


You were on level 4 of the Spider Nest.
You worshipped Okawaru.
Okawaru was exalted by your worship.
You visited 5 branches of the dungeon, and saw 24 of its levels.
You also visited: Bailey and Ice Cave.

You collected 1574 gold pieces.
You spent 916 gold pieces at shops.

Inventory:

Hand Weapons
 a - the +16 obsidian axe (weapon) {drain, demonic, Mesm ^Drain Fly SInv}
   (You took it off an orc wizard on level 10 of the Dungeon)

   Mesm:      Its wielder is mesmerised by any visible foes, and it cannot be
   unequipped while any foes are visible.
   SInv:      It lets you see invisible.
   Fly:       It grants you flight.
   ^Drain:    It drains your maximum health when unequipped.
 L - a +1 broad axe of flaming
Missiles
 e - 2 atropa-tipped darts
 i - 3 javelins
 j - 20 poisoned darts (quivered)
 o - a throwing net
 y - 11 boomerangs
 B - 5 silver javelins
 J - 6 curare-tipped darts
 V - 2 datura-tipped darts
Armour
 g - the +3 pair of gauntlets of War (worn) {Slay+5}
   (You acquired it on level 2 of the Lair of Beasts)

   Slay+5:    It affects your accuracy & damage with ranged weapons and melee
   (+5).
 l - the +0 cloak of Privacy (worn) {rElec rF++ Int-4 Dex+3}
   (You bought it in a shop on level 2 of the Orcish Mines)

   Int-4:     It affects your intelligence (-4).
   Dex+3:     It affects your dexterity (+3).
   rF++:      It greatly protects you from fire.
   rElec:     It insulates you from electricity.
 r - a +1 tower shield of cold resistance
 z - the +2 pair of gloves "Faorruf" {rCorr Int+4}
   (Okawaru gifted it to you on level 2 of the Orcish Mines)

   Int+4:     It affects your intelligence (+4).
   rCorr:     It protects you from acid and corrosion.
 A - a +2 buckler of cold resistance (worn)
 H - a +2 cloak
 Q - a +2 hat (worn)
 S - the +10 plate armour of the Earth (worn) {Rampage rF+ Dex+3}
   (You found it on level 9 of the Dungeon)

   Dex+3:     It affects your dexterity (+3).
   rF+:       It protects you from fire.
   Rampage:   It bestows one free step when moving towards enemies.
Jewellery
 c - the ring of Keff (right hand) {rF++ rN+ Str+3 Slay+2}
   (You found it in an ice cave)

   [ring of positive energy]

   Str+3:     It affects your strength (+3).
   Slay+2:    It affects your accuracy & damage with ranged weapons and melee
   (+2).
   rF++:      It greatly protects you from fire.
   rN+:       It protects you from negative energy.
 u - the ring of Finality (left hand) {Fire rPois Will++}
   (You found it on level 3 of the Dungeon)

   [ring of fire]

   Fire:      It enhances your fire magic.
   rF+:       It protects you from fire.
   rC-:       It makes you vulnerable to cold.
   rPois:     It protects you from poison Will++: It greatly increases your
   willpower.
 C - a ring of protection from cold
 N - the ring of Xom's Malicious Joy {rF+ Str+3 Slay+4}
   (You found it on level 5 of the Lair of Beasts)

   [ring of slaying]

   Str+3:     It affects your strength (+3).
   Slay+4:    It affects your accuracy & damage with ranged weapons and melee
   (+4).
   rF+:       It protects you from fire.
Wands
 n - a wand of digging (8)
 w - a wand of paralysis (8)
 G - a wand of light (3)
 I - a wand of polymorph (6)
 K - a wand of mindburst (5)
 X - a wand of flame (19)
Scrolls
 f - 3 scrolls of immolation {unknown}
 h - 5 scrolls of fog
 p - 2 scrolls of revelation {unknown}
 q - 11 scrolls of teleportation
 D - a scroll of summoning {unknown}
 E - a scroll of enchant armour {unknown}
 M - 4 scrolls of poison {unknown}
 O - a scroll of blinking {unknown}
 P - 2 scrolls of fear {unknown}
 T - 4 scrolls of noise
 W - 3 scrolls of vulnerability {unknown}
 Y - a scroll of silence {unknown}
 Z - a scroll of brand weapon {unknown}
Potions
 b - 2 potions of lignification
 d - 3 potions of might
 k - a potion of resistance
 m - 2 potions of enlightenment
 s - a potion of mutation
 t - 10 potions of curing
 v - 3 potions of haste
 F - a potion of attraction {unknown}
 R - 4 potions of magic {unknown}
 U - a potion of berserk rage {unknown}


   Skills:
 + Level 12.5 Fighting
 + Level 17.2 Axes
 + Level 6.0 Throwing
 + Level 8.6 Armour
 - Level 2.0 Dodging
 - Level 5.0 Shields
 - Level 11.0 Invocations
 - Level 5.0 Evocations


You had 15 spell levels left.
You didn't know any spells.
Your spell library contained the following spells:

 Spells                   Type           Power      Damage    Failure   Level
 Sublimation of Blood     Necr           0%         N/A       100%        2
 Freezing Cloud           Conj/Ice/Air   0%         6-21      100%        5
 Ozocubu's Refrigeration  Ice            0%         4d7       100%        7
 Polar Vortex             Ice            0%         N/A       100%        9
 Call Imp                 Summ           Unusable   N/A       N/A         2
 Summon Ice Beast         Ice/Summ       Unusable   N/A       N/A         3
 Sculpt Simulacrum        Ice/Alch       Unusable   N/A       N/A         6
 Summon Hydra             Summ           Unusable   N/A       N/A         7

Dungeon Overview and Level Annotations

Branches:
Dungeon (12/15)            Temple (1/1) D:5            Lair (5/5) D:11
 Shoals (0/4) Lair:2       Spider (4/4) Lair:2          Orc (2/2) D:10
    Elf (0/3) Orc:2        Bailey (visited)           IceCv (visited)
  Slime: Lair:4-5

Altars:
Ashenzari
Cheibriados
Dithmenos
Elyvilon
Fedhas
Gozag
Hepliaklqana
Kikubaaqudgha
Makhleb
Nemelex Xobeh
Okawaru
Qazlal
Ru
Sif Muna
Trog
Uskayaw
Vehumet
Wu Jian
Xom
Yredelemnul
Zin
The Shining One
Lugonu

Shops:
D:5 *   D:10 [   Orc:2 !:![

Portals:
Abyss: Lair:5


Innate Abilities, Weirdness & Mutations

You have razor-sharp teeth.
Your natural rate of healing is unusually fast.
When hurt, damage is shared between your health and your magic reserves.
Your bite disrupts and absorbs the magic of your enemies.
Potions cannot restore your health.


Message History

You block the wolf spider's attack.
The ghost moth hits you but does no damage. x2
The ghost moth barely misses you.
A radroach comes into view.
The wolf spider hits you but does no damage.
The wolf spider bites you but does no damage.
The ghost moth hits you but does no damage.
You block the ghost moth's attack. The ghost moth closely misses you.
You hit the torpor snail. You drain the torpor snail.
The torpor snail is lightly wounded.
You slash the wolf spider! You slice the ghost moth!! You drain the ghost moth.
Visions of slaying the torpor snail flood into your mind.
The wolf spider hits you but does no damage.
The wolf spider bites you but does no damage.
The ghost moth hits you but does no damage. x2
The ghost moth stings you but does no damage.
Unknown command.
You catch the helpless ghost moth completely off-guard!
You open the ghost moth like a pillowcase!!!
You drain the ghost moth!
You bite the ghost moth, but do no damage.
The ghost moth is almost dead.
You hit the wolf spider but do no damage.
You drain the wolf spider.
Visions of slaying the wolf spider flood into your mind.
The wolf spider hits you but does no damage.
You block the wolf spider's attack. The ghost moth hits you.
* * * LOW HITPOINT WARNING * * *
The ghost moth hits you but does no damage.
The ghost moth closely misses you.
The wolf spider hits you but does no damage.
The wolf spider bites you but does no damage.
Unknown command.
Unknown command.
You completely miss the ghost moth. Your bite misses the ghost moth.
The ghost moth is almost dead.
You catch the helpless wolf spider completely off-guard!
You slice the wolf spider!! You drain the wolf spider.
The ghost moth closely misses you. The ghost moth hits you!
You die...

#. #~ .. #.# ...
^^ .. ^..
#~###.###...
...#.#~....
##†........#
##^@sw......# .
#...y......##^.
#.............
#..#....B..##
#..........^#
#....#...†..^###
#..#..........^#
#...#....#†####..~
......#...^#


You could see a radroach (wandering, unable to see you), a ghost moth
(invisible, unable to see you, drained), a torpor snail (unable to see you,
drained) and a wolf spider (mesmerising, unable to see you, drained).

Vanquished Creatures
  Asterion (Spider:1)
  2 emperor scorpions
  2 ghost moths
  The ghost of Warped the Severer, a journeyman HOGl of Makhleb (Spider:1)
  A spark wasp (Spider:1)
  The ghost of drcatpants2 the Cleaver, a journeyman OnBe of Trog (D:10)
  An ettin (Orc:1)
  Fannar (Lair:3)
  A hydra (Lair:5)
  An entropy weaver (Spider:4)
  2 jorogumos (Spider:2)
  3 centaur warriors
  2 vault guards (Bailey)
  A radroach (Spider:1)
  4 boulder beetles
  A catoblepas (D:9)
  A death knight (D:9)
  10 two-headed ogres
  5 orc high priests (Orc:2)
  2 demonic crawlers
  3 thrashing horrors (Lair:5)
  A fire crab (Lair:5)
  A pharaoh ant (Spider:4)
  3 orb spiders
  Pikel (D:9)
  A deep elf pyromancer (D:12)
  A steelbarb worm (Spider:1)
  A necromancer (IceCv)
  The ghost of labirda the Gusty, a novice DrAE (D:9)
  2 harpies (shapeshifter)
  6 ugly things
  9 orc knights
  An orc sorcerer (Orc:2)
  2 cyclopes
  12 wolf spiders
  A manticore (D:10)
  3 large abominations (Lair:5)
  3 black mambas
  4 kobold blastminers
  2 smoke demons (Lair:5)
  Joseph (D:8)
  4 elephants (Lair:2)
  3 torpor snails
  An ice statue (IceCv)
  7 cane toads
  A gargoyle (D:10)
  Jeremiah (D:8)
  Maggie (D:7)
  3 komodo dragons
  2 rime drakes (Lair:5)
  2 anaconda simulacra (IceCv)
  3 freezing wraiths (IceCv)
  14 ice devils
  The ghost of Vadun the Slasher, a novice TeMo (D:5)
  A tengu conjurer (D:9)
  4 trolls
  3 merfolk (Lair:2)
  Prince Ribbit (Bailey)
  A raiju (Lair:5)
  11 tarantellas
  19 blink frogs
  5 jumping spiders (Spider:2)
  12 culicivoras
  A shadow (D:9)
  2 wraiths
  Eustachio (D:6)
  A warg (D:11)
  39 yaks
  2 wyverns
  3 humans (Bailey)
  7 basilisks
  18 redbacks
  5 death yak simulacra (IceCv)
  10 small abominations (Lair:5)
  Menkaure (D:4)
  A steam dragon (D:9)
  3 chaos spawn (Lair:5)
  2 harpy simulacra (IceCv)
  Edmund (D:5)
  4 water moccasins
  Duvessa (D:5)
  3 acid dragons
  2 hydra simulacra (IceCv)
  33 orc warriors
  3 sky beasts
  A black bear (Lair:2)
  2 ice beasts
  6 ogres
  7 wolves
  3 phantoms (D:6)
  4 centaurs
  A lemure (D:9)
  3 kobold brigands
  A gnoll sergeant (D:8)
  11 bullfrogs
  A two-headed ogre simulacrum (IceCv)
  3 cane toad simulacra (IceCv)
  22 wights
  Dowan (D:5)
  2 elephant simulacra (IceCv)
  5 killer bees (D:8)
  3 vampire bats (Lair:1)
  10 electric eels
  3 howler monkeys (D:9)
  2 bombardier beetles
  3 lava snakes (D:7)
  34 orc priests
  A gnoll bouda (D:7)
  2 jellies (D:5)
  2 hounds
  2 iguanas (D:6)
  4 polar bear simulacra (IceCv)
  A spriggan simulacrum (IceCv)
  16 orc wizards
  A troll simulacrum (IceCv)
  4 mutant beasts (D:9)
  6 wolf simulacra (IceCv)
  11 gnolls
  A naga simulacrum (IceCv)
  9 adders
  A shadow imp (D:7)
  A white imp (IceCv)
  2 ufetubi
  2 ribbon worms
  2 dart slugs
  75 orcs
  5 ball pythons
  8 bats
  3 endoplasms
  3 giant cockroaches
  9 goblins
  6 hobgoblins
  10 jackals
  A quokka (D:3)
  3 frilled lizards
  9 kobolds
  3 rats
  3 spectral weapons (Spider:1)
679 creatures vanquished.

Vanquished Creatures (others)
  A cane toad (Lair:2)
1 creature vanquished.

Grand Total: 680 creatures vanquished

Notes
Turn   | Place    | Note
-------+----------+-------------------------------------------
     0 | D:1      | Daunt the Vine Stalker Fighter began the quest for the Orb.
     0 | D:1      | Reached XP level 1. HP: 11/11 MP: 2/2
   116 | D:1      | Reached skill level 2 in Axes
   205 | D:2      | Reached XP level 2. HP: 16/16 MP: 3/3
   255 | D:2      | Reached XP level 3. HP: 20/20 MP: 4/4
   439 | D:3      | Reached skill level 3 in Axes
   508 | D:2      | Reached XP level 4. HP: 24/24 MP: 3/5
   559 | D:3      | Identified the +1 pair of gloves of Hadjma {*Slow +Blink
                  | rCorr MP+9}
   639 | D:3      | Noticed an orc warrior
   734 | D:4      | Reached XP level 5. HP: 28/28 MP: 6/6
   898 | D:4      | Reached skill level 4 in Axes
  1041 | D:3      | Identified the ring of Finality {Fire rPois Will++}
  1112 | D:3      | Reached XP level 6. HP: 30/33 MP: 5/7
  1199 | D:5      | Entered Level 5 of the Dungeon
  1201 | D:5      | Noticed Dowan
  1201 | D:5      | Noticed Duvessa
  1258 | D:5      | Noticed Menkaure
  1319 | D:4      | Killed Menkaure
  1320 | D:4      | Reached skill level 5 in Axes
  1354 | D:5      | Found Reamny's Neck Hole.
  1356 | D:5      | Found the +18 Lear's hauberk
  1412 | D:5      | Reached XP level 7. HP: 38/38 MP: 6/8
  1417 | D:5      | Noticed Edmund
  1435 | D:5      | Killed Edmund
  1457 | D:5      | Found a runed translucent gate.
  1458 | D:5      | Found a runed translucent gate.
  1459 | D:5      | Found a runed translucent gate.
  1463 | D:5      | Noticed Vadun's ghost (novice TeMo)
  1463 | D:5      | Identified the +1 hand axe "Voedif" {speed, Dex+4}
  1505 | D:5      | Killed Vadun's ghost
  1506 | D:5      | Reached skill level 5 in Fighting
  1506 | D:5      | Reached skill level 6 in Axes
  1508 | D:5      | Gained mutation: You have razor-sharp teeth. [Vine Stalker
                  | growth]
  1508 | D:5      | Reached XP level 8. HP: 43/43 MP: 9/9
  1654 | D:5      | Killed Duvessa
  1655 | D:5      | Reached skill level 7 in Axes
  1657 | D:5      | Killed Dowan
  1908 | D:6      | Reached skill level 8 in Axes
  1959 | D:6      | Noticed Eustachio
  1980 | D:6      | Killed Eustachio
  1981 | D:6      | Reached XP level 9. HP: 29/49 MP: 6/10
  2059 | D:6      | Reached skill level 9 in Axes
  2388 | D:7      | Reached skill level 10 in Axes
  2434 | D:7      | Noticed Maggie
  2451 | D:7      | Killed Maggie
  2495 | D:7      | Reached XP level 10. HP: 49/56 MP: 8/11
  2822 | D:5      | Found a staircase to the Ecumenical Temple.
  2828 | Temple   | Entered the Ecumenical Temple
  2831 | Temple   | Became a worshipper of Warmaster Okawaru
  2921 | D:8      | Reached skill level 11 in Axes
  3021 | D:8      | Reached * piety under Okawaru
  3022 | D:8      | Reached skill level 1 in Invocations
  3095 | D:8      | Noticed Joseph
  3110 | D:8      | Killed Joseph
  3120 | D:8      | Found a flagged portal.
  3129 | Bailey   | Entered a bailey
  3151 | Bailey   | Reached ** piety under Okawaru
  3253 | Bailey   | Noticed a vault guard
  3286 | Bailey   | Killed a vault guard
  3287 | Bailey   | Reached skill level 12 in Axes
  3287 | Bailey   | Reached XP level 11. HP: 48/62 MP: 11/14
  3310 | Bailey   | Noticed a vault guard
  3310 | Bailey   | Noticed Prince Ribbit
  3328 | Bailey   | Killed a vault guard
  3334 | Bailey   | Killed Prince Ribbit
  3334 | Bailey   | Reached *** piety under Okawaru
  3484 | D:8      | Noticed Jeremiah
  3523 | D:8      | Killed Jeremiah
  3651 | D:9      | Noticed a two-headed ogre
  3664 | D:9      | Killed a two-headed ogre
  3673 | D:9      | Noticed a catoblepas
  3687 | D:9      | Killed a catoblepas
  3687 | D:9      | Reached **** piety under Okawaru
  3710 | D:9      | Noticed a death knight
  3712 | D:9      | Reached skill level 5 in Invocations
  3733 | D:9      | Noticed a centaur warrior
  3770 | D:9      | Killed a death knight
  3771 | D:9      | Reached skill level 13 in Axes
  3778 | D:9      | Noticed a green ugly thing
  3787 | D:9      | Noticed a centaur warrior
  3787 | D:9      | Noticed a boulder beetle
  3806 | D:9      | Killed a green ugly thing
  3819 | D:9      | Killed a centaur warrior
  3832 | D:9      | Killed a centaur warrior
  3832 | D:9      | Reached ***** piety under Okawaru
  3833 | D:9      | Reached skill level 10 in Fighting
  3833 | D:9      | Reached XP level 12. HP: 50/67 MP: 17/17
  3865 | D:9      | Killed a boulder beetle
  3875 | D:9      | Identified the +10 plate armour of the Earth {Rampage rF+
                  | Dex+3}
  3965 | D:9      | Found a burning altar of Makhleb.
  3968 | D:9      | Found a sacrificial altar of Ru.
  3970 | D:9      | Found a sparkling altar of Nemelex Xobeh.
  3973 | D:9      | Found a basalt altar of Yredelemnul.
  4143 | D:9      | Noticed Pikel
  4156 | D:9      | Killed Pikel
  4242 | D:9      | Noticed a two-headed ogre
  4242 | D:9      | Noticed a two-headed ogre
  4244 | D:9      | Noticed labirda's ghost (novice DrAE)
  4246 | D:9      | Noticed a two-headed ogre
  4249 | D:9      | Received a gift from Okawaru
  4256 | D:9      | Found a transporter.
  4258 | D:9      | Noticed a two-headed ogre
  4260 | D:9      | Noticed a two-headed ogre
  4261 | D:9      | Found a transporter.
  4274 | D:9      | Killed a two-headed ogre
  4282 | D:9      | Killed a two-headed ogre
  4283 | D:9      | Reached skill level 1 in Dodging
  4283 | D:9      | Killed a two-headed ogre
  4295 | D:9      | Killed a two-headed ogre
  4295 | D:9      | Killed labirda's ghost
  4298 | D:9      | Killed a two-headed ogre
  4360 | D:10     | Entered Level 10 of the Dungeon
  4360 | D:10     | Noticed a two-headed ogre
  4379 | D:10     | Killed a two-headed ogre
  4380 | D:10     | Reached skill level 14 in Axes
  4446 | D:10     | Found a transporter.
  4454 | D:10     | Found Mofu's Armour Boutique.
  4533 | D:10     | Noticed a two-headed ogre
  4542 | D:10     | Killed a two-headed ogre
  4656 | D:11     | Noticed a centaur warrior
  4664 | D:11     | Killed a centaur warrior
  4664 | D:11     | Received a gift from Okawaru
  4739 | D:10     | Noticed drcatpants2's ghost (journeyman OnBe)
  4740 | D:10     | Noticed a two-headed ogre
  4753 | D:10     | Found a transporter.
  4775 | D:10     | Killed a two-headed ogre
  4814 | D:10     | Killed drcatpants2's ghost
  4815 | D:10     | Reached XP level 13. HP: 69/73 MP: 20/20
  4866 | D:10     | Found a staircase to the Orcish Mines.
  5370 | D:11     | Found a staircase to the Lair.
  5384 | D:11     | Received a gift from Okawaru
  5397 | Lair:1   | Entered Level 1 of the Lair of Beasts
  5478 | Lair:1   | Identified the +1 leather armour of Hairiness {+Inv rPois
                  | Will- Dex-4}
  5718 | Orc:1    | Entered Level 1 of the Orcish Mines
  5745 | Orc:1    | Noticed an ettin
  5751 | Orc:1    | Killed an ettin
  5758 | Orc:1    | Reached skill level 15 in Axes
  5771 | Orc:1    | Reached skill level 5 in Armour
  5785 | Orc:1    | Found a frozen archway.
  5814 | IceCv    | Entered an ice cave
  5818 | IceCv    | Reached ****** piety under Okawaru
  5819 | IceCv    | Received a gift from Okawaru
  6039 | IceCv    | Got the Guidebook on Hail
  6048 | IceCv    | Identified the ring of Keff {rF++ rN+ Str+3 Slay+2}
  6097 | IceCv    | Found an ancient bone altar of Kikubaaqudgha.
  6116 | IceCv    | Received a gift from Okawaru
  6117 | IceCv    | Reached XP level 14. HP: 17/79 MP: 10/22
  6264 | Orc:2    | Entered Level 2 of the Orcish Mines
  6369 | Orc:2    | Acquired a +1 broad axe of flaming
  6369 | Orc:2    | Received a gift from Okawaru
  6453 | Orc:1    | Reached skill level 10 in Invocations
  6501 | Orc:1    | Reached skill level 5 in Shields
  6586 | Orc:2    | Found a staircase to the Elven Halls.
  6673 | Orc:2    | Received a gift from Okawaru
  6801 | Arena    | Entered the Arena
  6888 | Orc:2    | Found Zaseki's Armour Boutique.
  6891 | Orc:2    | Found Nisaidd's Book Shop.
  6893 | Orc:2    | Found Sarenea's Distillery.
  6894 | Orc:2    | Found Mizesugh's Distillery.
  6896 | Orc:2    | Bought a potion of degeneration for 16 gold pieces
  6900 | Orc:2    | Acquired the +2 pair of gloves "Faorruf" {rCorr Int+4}
  6900 | Orc:2    | Received a gift from Okawaru
  6916 | Orc:2    | Bought the +0 cloak of Privacy {rElec rF++ Int-4 Dex+3} for
                  | 440 gold pieces
  6929 | Orc:2    | Bought a potion of haste for 140 gold pieces
  6930 | Orc:2    | Bought a potion of haste for 160 gold pieces
  6930 | Orc:2    | Bought a potion of haste for 160 gold pieces
  7105 | Lair:2   | Identified a scroll of acquirement
  7106 | Lair:2   | Acquired the +3 pair of gauntlets of War {Slay+5}
  7106 | Lair:2   | Found the +3 pair of gauntlets of War {Slay+5}
  7152 | Lair:2   | Reached skill level 16 in Axes
  7327 | Lair:2   | Found a hole to the Spider Nest.
  7431 | Lair:2   | Received a gift from Okawaru
  7456 | Lair:2   | Found a staircase to the Shoals.
  7496 | Lair:3   | Reached skill level 1 in Throwing
  7496 | Lair:3   | Reached skill level 1 in Evocations
  7557 | Lair:3   | Noticed Fannar
  7570 | Lair:3   | Killed Fannar
  7667 | Lair:5   | Entered Level 5 of the Lair of Beasts
  7700 | Lair:5   | Reached XP level 15. HP: 84/84 MP: 24/24
  7857 | Lair:5   | Received a gift from Okawaru
  7922 | Lair:5   | Found a corrupted altar of Lugonu.
  7924 | Lair:5   | Found a one-way gate to the infinite horrors of the Abyss.
  7932 | Lair:5   | Identified the ring of Xom's Malicious Joy {rF+ Str+3
                  | Slay+4}
  7971 | Lair:5   | Got an earthy gem with 2712 turns to spare
  8108 | Spider:1 | Entered Level 1 of the Spider Nest
  8132 | Spider:1 | Noticed Asterion
  8154 | Spider:1 | Killed Asterion
  8167 | Spider:1 | You are sucked into a shaft and drop 1 floor!
  8175 | Spider:2 | Noticed a ghost moth
  8178 | Spider:2 | Received a gift from Okawaru
  8186 | Spider:2 | Killed a ghost moth
  8223 | Spider:1 | Found a runed translucent gate.
  8223 | Spider:1 | Found a runed translucent gate.
  8226 | Spider:1 | Found a runed translucent gate.
  8263 | Spider:1 | Noticed an emperor scorpion
  8270 | Spider:1 | Killed an emperor scorpion
  8288 | Spider:1 | Reached skill level 5 in Throwing
  8288 | Spider:1 | Reached skill level 5 in Evocations
  8319 | Spider:1 | Noticed Warped's ghost (journeyman HOGl)
  8332 | Spider:1 | Killed Warped's ghost
  8332 | Spider:1 | Received a gift from Okawaru
  8467 | Spider:2 | Noticed an emperor scorpion
  8468 | Spider:2 | Reached skill level 17 in Axes
  8483 | Spider:2 | Killed an emperor scorpion
  8484 | Spider:2 | Reached XP level 16. HP: 55/88 MP: 25/25
  8571 | Spider:4 | Entered Level 4 of the Spider Nest
  8691 | Spider:4 | Received a gift from Okawaru
  8753 | Spider:4 | Slain by a ghost moth

Illustrated notes

Levels and vault maps discovered:
D:1:      giann_bridges, layout_basic
D:2:      layout_basic, grunt_ministairs_9, supply_closet_lemuel
D:3:      layout_rooms, serial_shops, nicolae_shop_back_alley_shop
D:4:      layout_basic
D:5:      layout_cave_pools, minmay_temple_entry_enclosed_plants,
          biasface_ghost_orc_armoury, serial_bayou_pond_e,
          nicolae_shop_sticking_my_neck_out, uniq_menkaure, uniq_edmund,
          uniq_duvessa
D:6:      layout_rooms, serial_bayou, serial_bayou_lagoon_a,
          serial_bayou_shore_b, serial_bayou_pond_b, serial_bayou_shore_a,
          serial_bayou_crossing, serial_bayou_shore_b, fountainhead,
          uniq_eustachio
D:7:      layout_rooms, kennysheep_boxes, uniq_maggie
D:8:      layout_cave_pools, enter_bailey_8, uniq_joseph, uniq_jeremiah
D:9:      minmay_the_grid_triangle_9x9_recursive_2_mashed
          [minmay_the_grid_triangle_9x9_prize_top_heavy,
          minmay_the_grid_triangle_9x9_checkered,
          minmay_the_grid_triangle_9x9_skeleton,
          minmay_the_grid_triangle_9x9_warning], layout_irregular_city,
          grunt_temple_overflow_cloverleaf, gammafunk_ghost_smash,
          nicolae_beast_mode, uniq_pikel
D:10:     layout_irregular_city, orc_0_dummy, serial_shops, shop,
          gammafunk_ghost_arena
D:11:     layout_basic, erik_lair_orcish_takeover
D:12:     layout_roguey, serial_shops, shop_coins, gammafunk_ghost_arena
Temple:   dpeg_three_leaves_temple
Lair:1:   layout_cave_pods, serial_bayou_pond_d, roderic_batcave,
          grunt_megastairs_5
Lair:2:   layout_regular_city, mainiacjoe_shoals_entry_four_pools,
          dummy_spider_entry
Lair:3:   layout_roguey, nzn_masters_of_martial_movement,
          infiniplex_staircase_pool, uniq_fannar
Lair:4:   layout_roguey, slime_entry_1, ebering_ghost_rock_garden,
          infiniplex_staircase_pool_2
Lair:5:   hellmonk_lair_end_abyssal_woods, layout_cave_pods, grunt_megastairs_4
Spider:1: layout_spider_delve, ebering_ghost_rock_garden, uniq_jorgrun,
          uniq_asterion
Spider:2: layout_spider_delve
Spider:3: layout_cave_pods, uniq_arachne
Spider:4: hellmonk_spider_rune_endless_swarm, hellmonk_deceptive_appearances
Orc:1:    layout_caves, portal_ice_cave_demonic_guard, minmay_orc_barracks
Orc:2:    st_orc_pillars, layout_diamond_mine, nicolae_orc_crystal_seam

Skill      XL: |  1  2  3  4  5  6  7  8  9 10 11 12 13 14 15 16 |
---------------+-------------------------------------------------+-----
Axes           | 2 3 4 5 6 8 10 12 13 14 15 16 17 | 17.2
Fighting       | 3 4 5 6 7 9 10 11 12 | 12.5
Invocations    | 3 6 8 9 11 | 11.0
Dodging        | 2 |  2.0
Armour         | 4 5 6 8 |  8.6
Shields        | 4 5 |  5.0
Throwing       | 2 5 6 |  6.0
Evocations     | 1 5 |  5.0

Action                     |  1- 3 |  4- 6 |  7- 9 | 10-12 | 13-15 | 16-18 || total
---------------------------+-------+-------+-------+-------+-------+-------++-------
  Melee: War axe           |    65 |   129 |    51 |       |       |       ||   245
         Bite              |    14 |    37 |   102 |   311 |   252 |    11 ||   727
         Hand axe          |       |       |   237 |   692 |       |       ||   929
         Broad axe         |       |       |       |       |   732 |    55 ||   787
  Throw: Stone             |     2 |     3 |       |       |       |       ||     5
         Dart              |       |       |     5 |     4 |     4 |       ||    13
 Invoke: Finesse           |       |       |       |     4 |     4 |       ||     8
         Heroism           |       |       |       |     4 |     5 |       ||     9
         Duel              |       |       |       |       |     1 |       ||     1
         Receive Weapon    |       |       |       |       |     1 |       ||     1
         Receive Armour    |       |       |       |       |     1 |       ||     1
  Evoke: Wand              |       |       |       |     5 |     6 |       ||    11
    Use: Scroll            |       |       |     7 |       |     9 |     2 ||    18
         Potion            |       |       |       |       |     1 |     2 ||     3
   Stab: Invisible         |       |       |       |    17 |     2 |     2 ||    21
 Armour: Scale mail        |    48 |    75 |       |       |       |       ||   123
         Chain mail        |       |    23 |   174 |   210 |       |       ||   407
         Plate armour      |       |       |       |   111 |   487 |    71 ||   669
  Dodge: Dodged            |    41 |    63 |    63 |   105 |   168 |    15 ||   455
  Block: Buckler           |    22 |    31 |    45 |    97 |   206 |    18 ||   419
